 Dungeon Crawl Stone Soup version 0.18-a0-1577-gf591c28 (webtiles) character file.

75 ithil the Shield-Bearer (level 4, -1/41 HPs)
             Began as a Minotaur Fighter on Mar 20, 2016.
             Slain by a wight
             ... wielding a cursed +1 battleaxe
              (7 damage)
             ... on level 2 of the Dungeon.
             The game lasted 00:06:47 (1363 turns).

ithil the Shield-Bearer (Minotaur Fighter)          Turns: 1363, Time: 00:06:47

Health: -1/41      AC: 11    Str: 27    XL:     4   Next: 11%
Magic:  3/3        EV:  7    Int:  5    God:
Gold:   102        SH:  6    Dex:  9    Spells: 0 memorised, 3 levels left

rFire  . . .     SeeInvis .     u - +1 flail (freeze)
rCold  . . .     Gourm    .     q - +0 plate armour
rNeg   . . .     Faith    .     r - +2 buckler
rPois  .         Spirit   .     (helmet restricted)
rElec  .         Dismiss  .     (no cloak)
rCorr  .         Reflect  .     (no gloves)
SustAt .         Harm     .     (no boots)
MR     .....                    s - amulet of regeneration
Stlth  ..........               (no ring)
                                (no ring)

@: mighty, heavily drained, not resistant to hostile enchantments, extremely
unstealthy
A: retaliatory headbutt, horns 2
a: no special abilities


You were on level 2 of the Dungeon.
You were hungry.

You visited 1 branch of the dungeon, and saw 2 of its levels.

You collected 102 gold pieces.

Inventory:

Hand Weapons
 a - a +0 war axe
 u - a +1 flail of freezing (weapon)
Missiles
 e - 4 large rocks (quivered)
Armour
 b - a +0 scale mail
 c - a +0 shield
 i - a +0 chain mail
 n - a +0 shield
 q - a +0 plate armour (worn)
 r - a +2 buckler (worn)
Jewellery
 s - an amulet of regeneration (around neck)
Scrolls
 h - 2 scrolls of enchant armour {unknown}
 k - a scroll of enchant weapon {unknown}
 m - a scroll of amnesia {unknown}
 p - 2 scrolls of teleportation {unknown}
 t - a scroll of magic mapping {unknown}
Potions
 d - a potion of might
 g - a potion of curing {unknown}
 l - 2 potions of agility {unknown}
Comestibles
 f - a bread ration
 j - 2 chunks of flesh
 o - 2 fruits


   Skills:
 + Level 4.4(3.2) Fighting
 + Level 2.8(1.7) Axes
 + Level 4.3(3.2) Armour
 + Level 0.2(0.0) Dodging
 + Level 4.5(3.3) Shields


You had 3 spell levels left.
You didn't know any spells.

Dungeon Overview and Level Annotations

Branches:
Dungeon (2/15)

Altars:
Xom


Innate Abilities, Weirdness & Mutations

You reflexively headbutt those who attack you in melee.
You have a pair of horns on your head.


Message History

You closely miss the wight. Your headbutt misses the wight.
The wight is moderately damaged.
The wight hits you with an enchanted battleaxe!
* * * LOW HITPOINT WARNING * * *
You hit the wight.
The wight is heavily damaged.
The wight hits you with an enchanted battleaxe.
* * * LOW HITPOINT WARNING * * *
You closely miss the wight.
The wight is heavily damaged.
The wight hits you with an enchanted battleaxe.
* * * LOW HITPOINT WARNING * * *
Unknown command.
You feel very mighty all of a sudden. The wight hits you but does no damage.
You sock the wight!
The wight is almost destroyed.
You are feeling hungry.
The wight hits you with an enchanted battleaxe!
You die...

#.....# #.# #.............
#.##### #.# #...........## #.#
#.# ###########.# #.# #.# #.# #.#
#.## #.# #.# #..# #.## #)# ##.#
#..# #.# #.# ##.# #####.# #@# #.#
......# ########z# #####.#
####..# #......zz## #......
####..###.#.^..[..# #.###..
..##...#....#####.# #.# ##.
#.##...........##.#########.## #.
..##....)...##............... ...
........(......##.#.#######.#####
####.......<#####.#.# #.# #


You could see 3 wights.

Vanquished Creatures
  A wight (D:2)
  An adder (D:2)
  A dart slug (D:2)
  A giant gecko (D:2)
  2 hobgoblins (D:2)
  3 jackals (D:1)
  A quokka (D:2)
  5 bats
  3 giant newts
  2 goblins (D:1)
  2 kobolds
  4 rats
26 creatures vanquished.

Notes
Turn   | Place    | Note
--------------------------------------------------------------
     0 | D:1      | ithil the Minotaur Fighter began the quest for the Orb.
     0 | D:1      | Reached XP level 1. HP: 19/19 MP: 0/0
   363 | D:1      | Reached XP level 2. HP: 22/27 MP: 1/1
   776 | D:2      | Found a shimmering altar of Xom.
   776 | D:2      | Found a shimmering altar of Xom.
   776 | D:2      | Found a shimmering altar of Xom.
   777 | D:2      | Found a shimmering altar of Xom.
   777 | D:2      | Found a shimmering altar of Xom.
   781 | D:2      | Found a shimmering altar of Xom.
  1009 | D:2      | Reached XP level 3. HP: 33/33 MP: 2/2
  1340 | D:2      | Reached XP level 4. HP: 39/41 MP: 3/3
  1363 | D:2      | Slain by a wight

Vault maps used:
D:1:      roderic_dead_forest, minmay_bisected
D:2:      grunt_ministairs_1, xom_redecorated

Skill      XL: |  1  2 |
---------------+-------+-----
Shields        | 4 |  4.5
Armour         | 4 |  4.3
Fighting       | 4 |  4.4
Axes           | |  2.8
Dodging        | |  0.2

Action                   |  1- 3 |  4- 6 || total
-------------------------+-------+-------++-------
Melee: War axe           |    58 |       ||    58
       Flail             |       |    15 ||    15
  Use: Potion            |       |     1 ||     1
  Eat: Chunk             |     1 |       ||     1
